 Dungeon Crawl Stone Soup version 0.18.1-8-gdd0e5ea (webtiles) character file.

47 epen the Insei (level 3, -4/27 HPs)
             Began as a Merfolk Transmuter on May 21, 2016.
             Slain by a gnoll
             ... wielding a +0 spear
              (8 damage)
             ... on level 2 of the Dungeon.
             The game lasted 00:02:41 (2509 turns).

epen the Insei (Merfolk Transmuter)                 Turns: 2509, Time: 00:02:42

Health: -4/27      AC:  3    Str: 10    XL:     3   Next: 70%
Magic:  4/6        EV: 13    Int: 11    God:
Gold:   54         SH:  0    Dex: 14    Spells: 3 memorised, 1 level left

rFire  . . .     SeeInvis .       - Unarmed
rCold  . . .     Gourm    .     b - +0 robe
rNeg   . . .     Faith    .     (no shield)
rPois  +         Spirit   .     (no helmet)
rElec  .         Dismiss  .     (no cloak)
rCorr  .         Reflect  .     (no gloves)
SustAt .         Harm     .     f - +0 pair of boots
MR     .....                    (no amulet)
Stlth  +.........               h - -2 ring of intelligence (curse)
                                e - ring of poison resistance

@: not resistant to hostile enchantments, very unstealthy
A: change form in water, swift swim
a: no special abilities


You were on level 2 of the Dungeon.
You were hungry.

You visited 1 branch of the dungeon, and saw 3 of its levels.

You collected 54 gold pieces.

Inventory:

Missiles
 a - 11 arrows
Armour
 b - a +0 robe (worn)
 f - a +0 pair of boots (worn)
Jewellery
 e - a ring of poison resistance (left hand)
 h - a cursed -2 ring of intelligence (right hand)
Scrolls
 g - a scroll of amnesia {unknown}
 k - a scroll of identify {unknown}
 o - a scroll of enchant armour {unknown}
Potions
 i - a potion of agility {unknown}
 j - a potion of flight {unknown}
 l - a potion of mutation {unknown}
 m - 2 potions of brilliance {unknown}
 n - a potion of ambrosia {unknown}
Books
 c - a book of Changes

   Spells                             Type                      Level
   a - Beastly Appendage              Transmutation                1
   b - Sticks to Snakes               Transmutation                2
   c - Spider Form                    Transmutation/Poison         3
   d - Ice Form                       Ice/Transmutation            4
   e - Blade Hands                    Transmutation                5
Comestibles
 d - 2 bread rations


   Skills:
 + Level 1.7 Fighting
 + Level 3.2 Dodging
 * Level 3.6 Unarmed Combat
 + Level 2.5 Spellcasting
 * Level 3.4 Transmutations


You had one spell level left.
You knew the following spells:

 Your Spells              Type           Power        Failure   Level  Hunger
a - Beastly Appendage     Trmt           #.....       10%         1    ##.....
b - Sticks to Snakes      Trmt           #.......     12%         2    ###....
c - Spider Form           Trmt/Pois      #.........   47%         3    ####...


Dungeon Overview and Level Annotations

Branches:
Dungeon (3/15)

Altars:


Message History

The gnoll is moderately wounded.
The gnoll closely misses you. The kobold hits you with a short sword.
You barely miss the gnoll.
The gnoll is moderately wounded.
The gnoll closely misses you. The kobold hits you but does no damage.
You hit the gnoll but do no damage.
The gnoll is moderately wounded.
The gnoll closely misses you. The kobold completely misses you.
You barely miss the gnoll.
The gnoll is moderately wounded.
The gnoll hits you with a spear.
* * * LOW HITPOINT WARNING * * *
The kobold hits you with a short sword.
* * * LOW HITPOINT WARNING * * *
The gnoll misses you.
You see here a club.
Cast which spell? (? or * to list)
You create a snake!
You now have 11 arrows.
The kobold closely misses you.
The gnoll hits you from afar with a spear!
You die...

# #........##............#... #
#.######.##...########...:.
#######.#### #.###.##### #.....
...........# #.>.)...(.# ####.#
#######.##.###..##.#.#.# #.#
#.........##.#.#.# #.#
#####.###..##.#.#.# ##'# #
#..........##g#.#.# ##... ##
#.###.##...@KS....# ##.... .##
#..##.##.####.##.## ##.....
..####...#.##.####.#...####......
..'.......................'......
..####....###.####.#...####......
.## #..#.###.# #.##.## ##..... ##
#........# #.#### ##.... #
####.##### #.# ##... #.# #.# ##+#


You could see a gnoll, a kobold and a friendly ball python.

Vanquished Creatures
  A dart slug (D:1)
  3 giant geckos
  4 giant cockroaches
  6 hobgoblins
  2 ball pythons (D:2)
  9 bats
  A giant newt (D:1)
  4 goblins
  6 kobolds
  5 rats
41 creatures vanquished.

Notes
Turn   | Place    | Note
--------------------------------------------------------------
     0 | D:1      | epen the Merfolk Transmuter began the quest for the Orb.
     0 | D:1      | Reached XP level 1. HP: 15/15 MP: 3/3
   466 | D:1      | Reached XP level 2. HP: 10/21 MP: 5/5
  1250 | D:1      | Reached XP level 3. HP: 21/26 MP: 6/6
  1286 | D:1      | Learned a level 2 spell: Sticks to Snakes
  1290 | D:1      | Learned a level 3 spell: Spider Form
  2509 | D:2      | Slain by a gnoll

Skill      XL: |  1  2 |
---------------+-------+-----
Transmutations | 3 |  3.4
Dodging        | 3 |  3.2
Fighting       | |  1.7
Unarmed Combat | |  3.6
Spellcasting   | |  2.5

Action                   || total
-------------------------++-------
Melee: Unarmed           ||   194
       Punch             ||     1
 Cast: Sticks to Snakes  ||     1
 Stab: Sleeping          ||     2
  Eat: Chunk             ||     3
       Pizza             ||     1
Armor: Robe              ||    62
Dodge: Dodged            ||   174
